 Dungeon Crawl Stone Soup version 0.17-a0-1020-ge683cc4 (console) character file.

28 Monkaria the Skirmisher (level 2, -1/25 HPs)
             Began as a Demonspawn Chaos Knight on May 14, 2015.
             Killed from afar by Natasha (4 damage)
             ... with a wand of frost
             ... on level 2 of the Dungeon.
             The game lasted 00:00:54 (1228 turns).

Monkaria the Skirmisher (Demonspawn Chaos Knight)   Turns: 1228, Time: 00:00:54

Health: -1/25      AC:  6    Str: 12    XL:     2   Next: 96%
Magic:  2/2        EV: 11    Int: 13    God:    Xom [..*...]
Gold:   97         SH:  0    Dex: 12    Spells: 0 memorised, 1 level left

rFire  . . .     SeeInvis .     a - +0 falchion (chaos)
rCold  . . .     Clarity  .     b - +2 leather armour
rNeg   . . .     SustAb   .     (no shield)
rPois  .         Gourm    .     (no helmet)
rElec  .         Spirit   .     (no cloak)
rCorr  .         Warding  .     (no gloves)
rMut   .         Stasis   .     (no boots)
MR     .....                    (no amulet)
Stlth  +.........               (no ring)
                                (no ring)

@: slowed, very slow, not resistant to hostile enchantments, very unstealthy
A: icy blue scales 1
a: Renounce Religion


You were on level 2 of the Dungeon.
You worshipped Xom.
You were a toy of Xom.
You were not hungry.

You visited 1 branch of the dungeon, and saw 2 of its levels.

You collected 97 gold pieces.

Inventory:

Hand weapons
 a - a +0 falchion of chaos (weapon)
Armour
 b - a +2 leather armour (worn)
Scrolls
 g - 3 scrolls of magic mapping {unknown}
 i - a scroll of recharging {unknown}
 j - a scroll of identify {unknown}
 k - a scroll of immolation {unknown}
 l - 2 scrolls of fear {unknown}
 o - a scroll of remove curse {unknown}
 q - a scroll of enchant armour {unknown}
Potions
 e - a potion of agility {unknown}
 f - a potion of magic {unknown}
 h - a potion of might {unknown}
 m - a potion of degeneration {unknown}
 n - a potion of heal wounds {unknown}
Comestibles
 c - a bread ration
 d - a royal jelly
 p - a meat ration


   Skills:
 - Level 4.1 Fighting
 + Level 2.7 Long Blades
 - Level 1.7 Armour
 - Level 0.8 Dodging


You had one spell level left.
You didn't know any spells.

Dungeon Overview and Level Annotations

Branches:
Dungeon (2/15)

Altars:

Annotations:
D:2 Natasha


Innate Abilities, Weirdness & Mutations

You are partially covered in icy blue scales (AC +1).


Message History

It is a wand of frost.
Found a stone staircase leading up.
There are monsters nearby!
You hit the bat. You burn the bat.
You kill the bat!
Natasha casts a spell at you.
You feel yourself slow down.
A bat comes into view.
The bat moves out of view.
Natasha closely misses you.
You see here a bat corpse.
You barely miss Natasha. The bat closely misses you. Natasha claws you.
Natasha casts a spell at you. The magic dart hits you!
* * * LOW HITPOINT WARNING * * *
You hit Natasha.
Natasha is poisoned.
Natasha is lightly wounded.
The bat closely misses you. The bat misses you.
Natasha zaps a wand.
The puff of frost hits you!
You die...
Xom laughs nastily!

?...... .......
########## .......... .
###### ##########
..##....######## #
........##.....### #
....b.b..........# #####
...b...@##.....#.# #....
.......h##.....#.# #....
.....b..##.....#.###....
##......##..............
#.....###...........##.
+....<. #...........##.
##..... #............##.
###### #............##.
#............##.


You could see Natasha and a bat.

Vanquished Creatures
  A giant gecko (D:1)
  3 bats
  3 goblins (D:1)
  3 hobgoblins
  5 kobolds
  A quokka (D:2)
  A rat (D:2)
17 creatures vanquished.

Vanquished Creatures (others)
  An adder (D:2)
1 creature vanquished.

Grand Total: 18 creatures vanquished

Notes
Turn   | Place    | Note
--------------------------------------------------------------
     0 | D:1      | Monkaria the Demonspawn Chaos Knight began the quest for the Orb.
     0 | D:1      | Reached XP level 1. HP: 18/18 MP: 1/1
   351 | D:1      | XOM: divination: magic mapping
   400 | D:1      | Gained mutation: You are partially covered in icy blue scales (AC +1). [demonic ancestry]
   400 | D:1      | Reached XP level 2. HP: 14/24 MP: 2/2
   454 | D:1      | XOM: silly message
   525 | D:1      | XOM: divination: detect creatures
   668 | D:1      | XOM: divination: detect creatures
   888 | D:1      | XOM: divination: detect creatures
   936 | D:2      | Reached skill level 4 in Fighting
  1003 | D:2      | XOM: harmless Ice miscast
  1052 | D:2      | XOM: cast spell 'Blink'
  1167 | D:2      | XOM: silly message
  1224 | D:2      | Noticed Natasha
  1224 | D:2      | XOM: butterfly on damage
  1228 | D:2      | Killed from afar by Natasha

Vault maps used:
D:1:      dpeg_arrival_sounds_slurp
D:2:      uniq_natasha

Action                   || total
-------------------------++-------
Melee: Falchion          ||    63
  Eat: Chunk             ||     1
